 Dungeon Crawl Stone Soup version 0.13.0-29-gdb529de (webtiles) character file.

149 M4edhros the Caller (level 3, -4/21 HPs)
             Began as an Octopode Summoner on Nov 14, 2013.
             Slain by an ogre skeleton (13 damage)
             ... on Level 3 of the Dungeon.
             The game lasted 00:01:25 (1242 turns).

M4edhros the Caller (Octopode Summoner)             Turns: 1242, Time: 00:01:25

HP  -4/21        AC  1     Str  7      XL: 3   Next: 29%
MP   3/6         EV 12     Int 18      God:
Gold 116         SH  0     Dex 12      Spells:  1 memorised,  4 levels left

Res.Fire  : . . .   See Invis. : .   h - +1 dwarf short sword
Res.Cold  : . . .   Warding    : .   (no shield)
Life Prot.: . . .   Conserve   : .   (helmet restricted)
Res.Poison: .       Res.Corr.  : .   (no amulet)
Res.Elec. : .       Clarity    : .   (no ring)
Sust.Abil.: . .     Spirit.Shd : .   (no ring)
Res.Mut.  : .       Stasis     : .   (no ring)
Res.Rott. : .       Flight     : .   (no ring)
Saprovore : . . .                    (no ring)
                                     (no ring)
                                     (no ring)
                                     (no ring)

@: not resistant to hostile enchantments, quite stealthy
A: almost no armour, amphibious, 8 rings, constrict 8, camouflage 1, AC +1
a: no special abilities


You were on level 3 of the Dungeon.
You were very hungry.

You visited 1 branch of the dungeon, and saw 3 of its levels.

You collected 96 gold pieces.

Inventory:

Hand weapons
 h - a +1,+1 dwarven short sword (weapon)
Missiles
 i - 15 sling bullets
Comestibles
 c - a bread ration
 j - a slice of pizza
Scrolls
 a - a scroll of enchant weapon II {unknown}
 d - 2 scrolls of teleportation {unknown}
 e - a scroll of fog {unknown}
 f - a scroll of curse weapon {unknown}
 l - a scroll of magic mapping {unknown}
 m - a scroll of remove curse {unknown}
 n - a scroll of noise {unknown}
Potions
 g - a potion of resistance {unknown}
 k - a potion of heal wounds {unknown}
Books
 b - a book of Callings

   Spells                             Type                      Level
   *Summon Small Mammal               Summoning                    1
   Call Imp                           Summoning                    2
   Call Canine Familiar               Summoning                    3
   Summon Scorpions                   Summoning/Poison             4
   Summon Ice Beast                   Ice/Summoning                4


   Skills:
 - Level 2.0 Dodging
 - Level 2.6 Stealth
 + Level 1.9 Spellcasting
 * Level 4.6 Summonings


You had 4 spell levels left.
You knew the following spells:

 Your Spells              Type           Power        Failure   Level  Hunger
a - Summon Small Mammal   Summ           ###.         2%          1    #......


Dungeon Overview and Level Annotations

Branches:
Dungeon (3/27)

Altars:

Annotations:
D:2 Terence


Innate Abilities, Weirdness & Mutations

You cannot wear most types of armour.
You are amphibious.
You can wear up to eight rings at the same time.
You can use your tentacles to constrict many enemies at once.
Your skin changes colour to match your surroundings (Stlth).
Your rubbery body absorbs attacks (AC +1).


Message History

The ogre skeleton closely misses you.
You swap places.
What do you say? t - Shout!
Orders for allies: a - Attack new target. r - Retreat! s - Stop attacking. w - Wait here. f - Follow me.
Anything else - Stay silent (and be thought a fool).
Gang up on whom?
Press: ? - help, Dir - move target cursor, f - ogre skeleton
Aim: an ogre skeleton Attack!
Your rat bites the ogre skeleton.
Your bat hits the ogre skeleton. Your bat hits the ogre skeleton.
Your grey rat bites the ogre skeleton.
The ogre skeleton closely misses you.
Your rat bites the ogre skeleton.
Your bat hits the ogre skeleton.
You hit the ogre skeleton but do no damage.
Your bat hits the ogre skeleton.
Your grey rat bites the ogre skeleton.
The ogre skeleton hits you!
Ouch! That really hurt!
You die...

#+# ###.######
#.....<..#
#.#.####.#
#....###.#
#@Zr..##.###..##
#.r..............
#b#.#.##....).##
...###.#####.###
##### #.# .# #.#
# #.. ###


You could see an ogre skeleton, a friendly grey rat, a friendly bat and a
friendly rat.

Vanquished Creatures
  An adder (D:2)
  5 bats
  2 giant cockroaches (D:1)
  3 goblins
  2 hobgoblins (D:1)
  3 giant newts (D:1)
  8 kobolds
  3 rats
27 creatures vanquished.

Vanquished Creatures (others)
  A grey rat (D:2)
1 creature vanquished.

Grand Total: 28 creatures vanquished

Notes
Turn   | Place    | Note
--------------------------------------------------------------
     0 | D:1      | M4edhros, the Octopode Summoner, began the quest for the Orb.
     0 | D:1      | Reached XP level 1. HP: 11/11 MP: 3/3
    83 | D:1      | Reached XP level 2. HP: 10/17 MP: 4/4
   892 | D:2      | Reached XP level 3. HP: 18/21 MP: 6/6
  1197 | D:2      | Noticed Terence
  1242 | D:3      | Slain by an ogre skeleton

Action                   || total
-------------------------++-------
Melee: Unarmed           ||    67
       Short sword       ||    10
 Cast: Summon Small Mamm ||     6
 Stab: Sleeping          ||     9
